[Event "Gibraltar Masters 18th"]
[Site "Gibraltar"]
[Date "2020.01.23"]
[Round "3.22"]
[White "Adams, Michael"]
[Black "Barbosa, Evandro Amorim"]
[Result "1/2-1/2"]
[ECO "B47"]
[WhiteElo "2694"]
[BlackElo "2501"]
[PlyCount "233"]
[EventDate "2020.01.21"]
[EventType "swiss"]
[EventRounds "10"]
[EventCountry "GGB"]
[SourceTitle "BritBase"]
[Source "John Saunders"]
[SourceDate "2021.06.05"]
[SourceVersion "1"]
[SourceVersionDate "2021.06.05"]
[SourceQuality "1"]
[TimeControl "40/100:0"]
[WhiteClock "0:27:18"]
[BlackClock "0:39:22"]

1. e4 c5 2. Nf3 e6 3. d4 cxd4 4. Nxd4 Nc6 5. Nc3 Qc7 6. Qd3 a6 7. Nxc6 bxc6 8. Qg3 Qxg3 9. hxg3 d5 10. g4 Nf6 11. g5 Nd7 12. Bd3 Nc5 13.
Be3 a5 14. O-O-O Nxd3+ 15. cxd3 Ba6 16. Kc2 Be7 17. Rh5 f6 18. Rdh1 fxg5 19. Rxh7 Rxh7 20.
Rxh7 Kf7 21. Rh3 Kg6 22. Rg3 Kh5 23. Rh3+ Kg6 24. Rg3 Kh5 25. b3 Bb7 26. Na4 e5
27. Bc5 Bf6 28. Rh3+ Kg6 29. Bd6 g4 30. Rg3 Kh5 31. f3 gxf3 32. gxf3 Rd8 33.
Bc7 Ra8 34. Nb6 Re8 35. Nd7 Bc8 36. Nxf6+ gxf6 37. Bxa5 f5 38. Rg7 fxe4 39.
fxe4 Bg4 40. Rh7+ Kg6 41. Rc7 Re6 42. Be1 Bf3 43. Kd2 dxe4 44. Ke3 Bg2 45. dxe4
Rf6 46. Bc3 Rf3+ 47. Kd2 Rf2+ 48. Kd3 Rf3+ 49. Kc4 Re3 50. Rxc6+ Kf7 51. a4
Rxe4+ 52. Kb5 Re2 53. Rc7+ Ke6 54. a5 Rc2 55. Kb6 e4 56. Bd4 e3 57. Bxe3 Rb2
58. Bd4 Rxb3+ 59. Kc5 Rb1 60. Rg7 Bf1 61. a6 Rc1+ 62. Kb6 Rb1+ 63. Ka5 Rb5+ 64.
Ka4 Rd5 65. Rg6+ Ke7 66. Bc3 Rd7 67. Rg7+ Ke6 68. a7 Rd8 69. Rg6+ Kd5 70. Rg1
Bd3 71. Rd1 Kc4 72. Rc1 Kd5 73. Be1 Ra8 74. Rc7 Be4 75. Bg3 Ke6 76. Ka5 Rg8 77.
Rc3 Ba8 78. Kb6 Kd7 79. Rd3+ Kc8 80. Rc3+ Kd7 81. Rc7+ Ke6 82. Bf2 Bg2 83. Rh7
Rc8 84. Bc5 Rc6+ 85. Kb5 Rc8 86. Re7+ Kf6 87. Re3 Bc6+ 88. Kc4 Ba8 89. Re1 Bc6
90. Rd1 Ba8 91. Rd6+ Kf7 92. Kd4 Bh1 93. Rh6 Ba8 94. Bd6 Rg8 95. Ke5 Re8+ 96.
Kf4 Bd5 97. Kg5 Be4 98. Rf6+ Kg7 99. Rf2 Ba8 100. Rf1 Bg2 101. Rg1 Bc6 102.
Kf5+ Kf7 103. Be5 Bd7+ 104. Kf4 Bc6 105. Rc1 Bd5 106. Kf5 Ba8 107. Rc4 Bd5 108.
Rd4 Bc6 109. Rd6 Ba8 110. Rh6 Bd5 111. Rh7+ Kg8 112. Rg7+ Kf8 113. Rc7 Kg8 114.
Kg6 Be4+ 115. Kf6 Rf8+ 116. Ke6 Re8+ 117. Kf6 1/2-1/2

[Event "Gibraltar Masters 18th"]
[Site "Gibraltar"]
[Date "2020.01.23"]
[Round "3.23"]
[White "Jones, Gawain C B"]
[Black "Raja, Harshit"]
[Result "1-0"]
[ECO "A14"]
[WhiteElo "2679"]
[BlackElo "2482"]
[PlyCount "89"]
[EventDate "2020.01.21"]
[EventType "swiss"]
[EventRounds "10"]
[EventCountry "GGB"]
[SourceTitle "BritBase"]
[Source "John Saunders"]
[SourceDate "2021.06.05"]
[SourceVersion "1"]
[SourceVersionDate "2021.06.05"]
[SourceQuality "1"]
[TimeControl "40/100:0"]
[WhiteClock "1:14:01"]
[BlackClock "0:35:34"]

1. c4 Nf6 2. g3 e6 3. Bg2 d5 4. Nf3 Be7 5. O-O O-O 6. b3 d4 7. e3 c5 8. Ne5 Nfd7 9. Nxd7 Qxd7 10. exd4 Bf6 11. Nc3 Bxd4 12. Rb1 Nc6 13. Ne2 Bf6 14. Ba3 Be7 15. d4 cxd4 16. Bxe7 Qxe7 17. Nxd4 Nxd4 18. Qxd4 Rd8 19. Qe5 f6 20. Qe3 e5 21. Rbd1 Rxd1 22. Rxd1 Be6 23. f4 Bf7 24. fxe5 fxe5 25. Re1 Qb4 26. Rf1 Qe7 27. Be4 a5 28. Qf3
Ra6 29. Bxh7+ Kxh7 30. Qxf7 Qxf7 31. Rxf7 Rb6 32. Kf2 a4 33. bxa4 Rc6 34. Rxb7
Rxc4 35. a5 Rc2+ 36. Ke3 Rxa2 37. Rb5 Rxh2 38. Rxe5 Kg6 39. Kd4 Kf6 40. Rc5 Rg2
41. a6 Ra2 42. Rc6+ Kf5 43. Kc5 Kg4 44. Kb6 g5 45. Rc5 1-0

[Event "Gibraltar Masters 18th"]
[Site "Gibraltar"]
[Date "2020.01.23"]
[Round "3.24"]
[White "Saric, Ivan"]
[Black "Gagare, Shardul"]
[Result "1/2-1/2"]
[ECO "C95"]
[WhiteElo "2655"]
[BlackElo "2481"]
[PlyCount "75"]
[EventDate "2020.01.21"]
[EventType "swiss"]
[EventRounds "10"]
[EventCountry "GGB"]
[SourceTitle "BritBase"]
[Source "John Saunders"]
[SourceDate "2021.06.05"]
[SourceVersion "1"]
[SourceVersionDate "2021.06.05"]
[SourceQuality "1"]
[TimeControl "40/100:0"]
[WhiteClock "0:37:17"]
[BlackClock "0:56:15"]

1. e4 e5 2. Nf3 Nc6 3. Bb5 a6 4. Ba4 Nf6 5. O-O Be7 6. Re1 b5 7. Bb3 d6 8. c3 O-O 9. h3 Nb8 10. d4 Nbd7 11. Nbd2 Bb7 12. Bc2 Re8 13. Nf1 Bf8 14. Ng3 g6 15. a4 Bg7 16. Bd3 d5 17. Bg5 dxe4 18.
Bxe4 c6 19. dxe5 Nxe5 20. Qxd8 Raxd8 21. axb5 axb5 22. Nd4 h6 23. Bxf6 Bxf6 24. Nxb5 Nc4 25. Nd4 Bxd4 26. cxd4 Rxd4 27. Ra4 c5 28. Rc1 Bxe4 29.
Raxc4 Rxc4 30. Rxc4 Bd3 31. Rxc5 Rb8 32. Rd5 Bc2 33. Rd2 Rxb2 34. Kh2 Ra2 35.
Ne2 Bb1 36. Rd8+ Kg7 37. Nc3 Rb2 38. Nxb1 1/2-1/2

[Event "Gibraltar Masters 18th"]
[Site "Gibraltar"]
[Date "2020.01.23"]
[Round "3.25"]
[White "Petrov, Martin"]
[Black "Adhiban, Baskaran"]
[Result "0-1"]
[ECO "C07"]
[WhiteElo "2504"]
[BlackElo "2654"]
[PlyCount "132"]
[EventDate "2020.01.21"]
[EventType "swiss"]
[EventRounds "10"]
[EventCountry "GGB"]
[SourceTitle "BritBase"]
[Source "John Saunders"]
[SourceDate "2021.06.05"]
[SourceVersion "1"]
[SourceVersionDate "2021.06.05"]
[SourceQuality "1"]
[TimeControl "40/100:0"]
[WhiteClock "0:49:02"]
[BlackClock "0:45:16"]

1. e4 e6 2. d4 d5 3. Nd2 c5 4. exd5 Qxd5 5. Ngf3 cxd4 6. Bc4 Qd8 7. O-O a6 8. Nb3 Nc6 9. Nbxd4 Nxd4 10. Nxd4 Qc7 11. Bb3 Bd6 12. Re1 Ne7 13. Qh5 O-O 14. c3 Ng6 15. Bc2 b5 16. Nf3 b4 17. Bd2 bxc3 18. Bxc3 Qc5 19. Qxc5
Bxc5 20. Rad1 Bb7 21. Be4 Bxe4 22. Rxe4 Ne7 23. Rc4 Rfc8 24. Kf1 Nd5 25. Bd2
Bd6 26. Rdc1 Rxc4 27. Rxc4 Kf8 28. Ke2 Ke7 29. b3 f6 30. h4 h5 31. g3 e5 32.
Ne1 Kd7 33. Nd3 Rc8 34. Ra4 Rc6 35. Kd1 Ke6 36. Nb4 Bxb4 37. Bxb4 g5 38. hxg5
fxg5 39. Bd2 Kf5 40. Ke2 Nf6 41. Be1 g4 42. Bd2 Ne4 43. Ke3 Ng5 44. Ke2 Nf3 45.
Be3 Rc2+ 46. Kd1 Rc6 47. Ke2 h4 48. gxh4 Nxh4 49. Kd3 Ng2 50. Bd2 Nf4+ 51. Bxf4
exf4 52. Ra5+ Kg6 53. Ke2 f3+ 54. Ke3 Rf6 55. Ra4 Kg5 56. Ra5+ Kh6 57. Rc5 g3
58. Rc1 g2 59. b4 Kh5 60. a4 Rg6 61. Rg1 Kg4 62. Rc1 Re6+ 63. Kd4 Kh3 64. b5
axb5 65. axb5 Kh2 66. Kd5 Re8 0-1

[Event "Gibraltar Masters 18th"]
[Site "Gibraltar"]
[Date "2020.01.23"]
[Round "3.26"]
[White "Sasikiran, Krishnan"]
[Black "Pogonina, Natalija"]
[Result "1/2-1/2"]
[ECO "C92"]
[WhiteElo "2648"]
[BlackElo "2479"]
[PlyCount "102"]
[EventDate "2020.01.21"]
[EventType "swiss"]
[EventRounds "10"]
[EventCountry "GGB"]
[SourceTitle "BritBase"]
[Source "John Saunders"]
[SourceDate "2021.06.05"]
[SourceVersion "1"]
[SourceVersionDate "2021.06.05"]
[SourceQuality "1"]
[TimeControl "40/100:0"]
[WhiteClock "0:18:37"]
[BlackClock "0:17:17"]

1. e4 e5 2. Nf3 Nc6 3. Bb5 a6 4. Ba4 Nf6 5. O-O Be7 6. Re1 b5 7. Bb3 d6 8. c3 O-O 9. h3 Re8 10. d4 Bb7 11. Nbd2 Bf8 12. a4 Na5 13.
Bc2 exd4 14. cxd4 b4 15. b3 g6 16. Rb1 Bg7 17. Bb2 Rb8 18.
Nh2 Nh5 19. Bd3 Nf4 20. Bc2 d5 21. e5 Ne6 22. Ng4 h5 23. Nf6+ Bxf6 24. exf6 Qxf6 25. Nf3
Nc6 26. Qd2 Red8 27. Rbc1 a5 28. h4 Ne7 29. Ng5 Bc8 30. g3 c6 31. Re5 Bd7 32.
Bd3 Nxg5 33. hxg5 Qd6 34. Rce1 Nf5 35. Qf4 Ng7 36. Kg2 Rf8 37. Bc1 Rbd8 38. Re7
Qxf4 39. Bxf4 Ne6 40. Be5 Rfe8 41. Rxe8+ Rxe8 42. Rc1 Nxg5 43. f3 Ne6 44. Kf2
f5 45. Ba6 Kf7 46. f4 Rg8 47. Bb7 Ke7 48. Ke3 Nd8 49. Ba6 Ne6 50. Bb7 Nd8 51.
Ba6 Ne6 1/2-1/2

[Event "Gibraltar Masters 18th"]
[Site "Gibraltar"]
[Date "2020.01.23"]
[Round "3.27"]
[White "Lei, Tingjie"]
[Black "Narayanan, SL."]
[Result "0-1"]
[ECO "B90"]
[WhiteElo "2493"]
[BlackElo "2637"]
[PlyCount "116"]
[EventDate "2020.01.21"]
[EventType "swiss"]
[EventRounds "10"]
[EventCountry "GGB"]
[SourceTitle "BritBase"]
[Source "John Saunders"]
[SourceDate "2021.06.05"]
[SourceVersion "1"]
[SourceVersionDate "2021.06.05"]
[SourceQuality "1"]
[TimeControl "40/100:0"]
[WhiteClock "0:45:37"]
[BlackClock "0:28:52"]

1. e4 c5 2. Nf3 d6 3. d4 cxd4 4. Nxd4 Nf6 5. Nc3 a6 6. Be3 e5 7. Nb3 Be6 8. f3 h5 9. Qd2 Nbd7 10. Nd5 Bxd5 11. exd5 Qc7 12. O-O-O Be7 13. Kb1 Nb6 14. Qa5 Rc8 15. c3 Bd8 16. Bxb6 Qxb6 17. Qxb6 Bxb6 18. Bd3 h4 19. Rhe1 Kf8 20. Bf1 Bf2 21. Re2 Bg1 22. g3 hxg3 23. hxg3 Bb6 24. Red2 g6 25. c4 e4 26.
fxe4 Nxe4 27. Rg2 Rh1 28. Nd2 Nf2 29. Re1 Ng4 30. Rge2 Bf2 31. Rc1 Bxg3 32. Rg2
Bf4 33. Rxg4 Bxd2 34. Rd1 Be3 35. Kc2 g5 36. Bd3 Rh2+ 37. Kb3 Bf4 38. Ka3 Re8
39. b3 Re3 40. Bb1 Ree2 41. Rf1 Be3 42. Rg3 b6 43. Kb4 Bd2+ 44. Ka3 Rhf2 45.
Rh1 Bf4 46. Rg4 Rg2 47. Rxg2 Rxg2 48. Rh8+ Kg7 49. Rb8 Bc1+ 50. Kb4 Rb2 51. Bf5
Rxa2 52. Kc3 Rf2 53. Bd7 Rf3+ 54. Kc2 Be3 55. Rb7 a5 56. Kd3 Bc5+ 57. Ke4 Rf4+ 58. Kd3 g4 0-1

[Event "Gibraltar Masters 18th"]
[Site "Gibraltar"]
[Date "2020.01.23"]
[Round "3.28"]
[White "Pichot, Alan"]
[Black "Di Berardino, Diego Rafael"]
[Result "1-0"]
[ECO "B45"]
[WhiteElo "2606"]
[BlackElo "2478"]
[PlyCount "145"]
[EventDate "2020.01.21"]
[EventType "swiss"]
[EventRounds "10"]
[EventCountry "GGB"]
[SourceTitle "BritBase"]
[Source "John Saunders"]
[SourceDate "2021.06.05"]
[SourceVersion "1"]
[SourceVersionDate "2021.06.05"]
[SourceQuality "1"]
[TimeControl "40/100:0"]
[WhiteClock "0:22:00"]
[BlackClock "0:12:15"]

1. e4 c5 2. Nf3 e6 3. d4 cxd4 4. Nxd4 Nf6 5. Nc3 Nc6 6. Nxc6 bxc6 7. e5 Nd5 8. Ne4 Qc7 9. f4 Qb6 10. c4 Bb4+ 11. Ke2 Ba6 12. Kf3 f5 13.
exf6 Nxf6 14. c5 Qa5 15. Nxf6+ gxf6 16. Bxa6 Qxa6 17. Qd4 Qb5 18. Be3 O-O-O 19. Rac1 d5 20. cxd6 Rxd6 21. Qc4 Kb7 22. Qxb5+ cxb5 23. Rhd1 f5 24.
Rxd6 Bxd6 25. Bd4 Rd8 26. Bf6 Rf8 27. Bg5 Rc8 28. Re1 Re8 29. h3 e5 30. fxe5
Rxe5 31. Rd1 Re6 32. Rd5 Kc6 33. Rxf5 Re1 34. Be3 a5 35. Rh5 a4 36. Rxh7 Ra1
37. Rh6 Kd5 38. Rh5+ Be5 39. g4 Ke6 40. b3 Rxa2 41. Ke4 Bc3 42. Rxb5 a3 43.
Rb6+ Kd7 44. Ra6 Bb4 45. Ra4 Be7 46. Kd5 Re2 47. Ra7+ Ke8 48. Bc5 Bxc5 49. Kxc5
a2 50. b4 Kd8 51. g5 Kc8 52. g6 Rg2 53. h4 Rxg6 54. Rxa2 Rh6 55. Rh2 Rh5+ 56.
Kd6 Kd8 57. Rh1 Rh6+ 58. Kd5 Rh5+ 59. Ke6 Ke8 60. Kf6 Kf8 61. Kg6 Rd5 62. Rf1+
Ke8 63. Rf4 Rh5 64. Rf1 Rd5 65. Rf4 Rd1 66. h5 Rg1+ 67. Kh7 Rg5 68. h6 Ke7 69. Kh8 Ke6 70. h7 Ke7 71.
b5 Kd7 72. Rf8 Ke7 73. Rg8 1-0

[Event "Gibraltar Masters 18th"]
[Site "Gibraltar"]
[Date "2020.01.23"]
[Round "3.29"]
[White "Kryakvin, Dmitry"]
[Black "Panjwani, Raja"]
[Result "1/2-1/2"]
[ECO "A20"]
[WhiteElo "2592"]
[BlackElo "2444"]
[PlyCount "67"]
[EventDate "2020.01.21"]
[EventType "swiss"]
[EventRounds "10"]
[EventCountry "GGB"]
[SourceTitle "BritBase"]
[Source "John Saunders"]
[SourceDate "2021.06.05"]
[SourceVersion "1"]
[SourceVersionDate "2021.06.05"]
[SourceQuality "1"]
[TimeControl "40/100:0"]
[WhiteClock "0:56:13"]
[BlackClock "0:46:41"]

1. c4 e5 2. g3 Nf6 3. Bg2 h6 4. Nc3 Bb4 5. Qb3 Bxc3 6. Qxc3 O-O 7. d3 Re8 8. e4 c6 9. Ne2 d5 10. O-O a5 11. b3 Na6 12. exd5 cxd5 13. Ba3 d4 14. Qd2 Qb6 15. Bb2 Qb4 16. Rfd1 a4 17. bxa4 Bg4 18. Rab1 Qxa4
19. f3 Bh5 20. Re1 Nc5 21. f4 Qxa2 22. fxe5 Nb3 23. Qc2 Rxe5 24. Nf4 Rae8 25.
Rxe5 Rxe5 26. Nxh5 Nxh5 27. Bxb7 Nf6 28. Rf1 Re3 29. Bd5 h5 30. Qf2 Qa7 31. Qf5
Re2 32. Qc8+ Kh7 33. Qf5+ Kg8 34. Qc8+ 1/2-1/2

[Event "Gibraltar Masters 18th"]
[Site "Gibraltar"]
[Date "2020.01.23"]
[Round "3.30"]
[White "Song, Raymond"]
[Black "Santos Latasa, Jaime"]
[Result "0-1"]
[ECO "E04"]
[WhiteElo "2478"]
[BlackElo "2586"]
[PlyCount "40"]
[EventDate "2020.01.21"]
[EventType "swiss"]
[EventRounds "10"]
[EventCountry "GGB"]
[SourceTitle "BritBase"]
[Source "John Saunders"]
[SourceDate "2021.06.05"]
[SourceVersion "1"]
[SourceVersionDate "2021.06.05"]
[SourceQuality "1"]
[TimeControl "40/100:0"]
[WhiteClock "0:28:58"]
[BlackClock "1:24:14"]

1. d4 d5 2. c4 e6 3. Nf3 Nf6 4. g3 dxc4 5. Bg2 a6 6. O-O Nc6 7. e3 Rb8 8. Nfd2 e5 9. Bxc6+ bxc6 10. dxe5 Ng4 11. Nxc4 Be6 12. Nbd2 Bb4 13. Qe2 Bxd2 14. Bxd2 h5 15. Rad1 h4 16. Be1 Qe7 17. Rd4 Nxh2 18. Kxh2 hxg3+ 19. Kg2 Rh2+ 20. Kf3 Qg5 0-1

[Event "Gibraltar Masters 18th"]
[Site "Gibraltar"]
[Date "2020.01.23"]
[Round "3.31"]
[White "Sardana, Rishi"]
[Black "Xu, Xiangyu"]
[Result "1-0"]
[ECO "B30"]
[WhiteElo "2437"]
[BlackElo "2580"]
[PlyCount "63"]
[EventDate "2020.01.21"]
[EventType "swiss"]
[EventRounds "10"]
[EventCountry "GGB"]
[SourceTitle "BritBase"]
[Source "John Saunders"]
[SourceDate "2021.06.05"]
[SourceVersion "1"]
[SourceVersionDate "2021.06.05"]
[SourceQuality "1"]
[TimeControl "40/100:0"]
[WhiteClock "0:36:52"]
[BlackClock "0:48:33"]

1. e4 c5 2. Nf3 Nc6 3. Bb5 e6 4. O-O Nge7 5. Re1 a6 6. Bf1 d5 7. d3 d4 8. a4 e5 9. Na3 f6 10. Nc4 Be6 11. Nfd2 b6 12. f4 exf4 13. e5 f5 14. Nd6+ Kd7 15. N2c4 Nd5 16. Qf3 Bxd6 17. exd6 Ne3 18. Qxf4 g5 19. Ne5+ Nxe5 20. Qxe5 f4 21. b4
Rc8 22. bxc5 bxc5 23. Rb1 Re8 24. Bxe3 dxe3 25. Be2 Rb8 26. Qxc5 Qc8 27. Qxg5
Qc3 28. Qxf4 Qd2 29. Rbd1 Qb4 30. Qxe3 Bd5 31. Qh3+ Kxd6 32.
Qg3+ 1-0

[Event "Gibraltar Masters 18th"]
[Site "Gibraltar"]
[Date "2020.01.23"]
[Round "3.32"]
[White "Ramirez, Alejandro"]
[Black "Atalik, Ekaterina"]
[Result "1/2-1/2"]
[ECO "E68"]
[WhiteElo "2574"]
[BlackElo "2450"]
[PlyCount "120"]
[EventDate "2020.01.21"]
[EventType "swiss"]
[EventRounds "10"]
[EventCountry "GGB"]
[SourceTitle "BritBase"]
[Source "John Saunders"]
[SourceDate "2021.06.05"]
[SourceVersion "1"]
[SourceVersionDate "2021.06.05"]
[SourceQuality "1"]
[TimeControl "40/100:0"]
[WhiteClock "0:22:52"]
[BlackClock "0:32:30"]

1. d4 Nf6 2. c4 g6 3. g3 Bg7 4. Bg2 O-O 5. Nc3 d6 6. Nf3 Nbd7 7. O-O e5 8. e4 exd4 9. Nxd4 a6 10. b3 Re8 11. Re1 Rb8 12. a4 a5 13. Ndb5 Nc5 14. Ba3 Ng4 15.
Qc2 Bd7 16. Rad1 Ne5 17. f4 Nc6 18. Nd5 Na6
19. c5 Ncb4 20. Bxb4 axb4 21. cxd6 c6 22. Nbc7 cxd5 23. Nxe8 Bc3 24. Nc7 Nxc7
25. dxc7 Qxc7 26. Re2 Bg4 27. exd5 Bxe2 28. Qxe2 Qd6 29. a5 Kf8 30. Qb5 Re8 31.
Qxb7 Qc5+ 32. Kh1 Qf2 33. Qb6 Qc2 34. Qg1 Qxb3 35. a6 Qa4 36. Qf1 b3 37. d6 b2
38. Qd3 Qxd1+ 39. Qxd1 Re1+ 40. Qxe1 Bxe1 41. a7 b1=Q 42. a8=Q+ Kg7 43. Qe4
Qxe4 44. Bxe4 Kf8 45. Kg2 Bb4 46. d7 Ke7 47. Bc6 Bc5 48. Ba4 Bb6 49. Kf3 h5 50.
Ke4 Bg1 51. h3 Bf2 52. Kf3 Be1 53. Bb5 Ba5 54. g4 hxg4+ 55. Kxg4 Kf6 56. Kf3
Ke7 57. Ke4 Bc7 58. f5 g5 59. Kf3 f6 60. Kg4 Be5 1/2-1/2

[Event "Gibraltar Masters 18th"]
[Site "Gibraltar"]
[Date "2020.01.23"]
[Round "3.33"]
[White "Ladron De Guevara Pinto, Paolo"]
[Black "Sanal, Vahap"]
[Result "1/2-1/2"]
[ECO "B56"]
[WhiteElo "2445"]
[BlackElo "2569"]
[PlyCount "79"]
[EventDate "2020.01.21"]
[EventType "swiss"]
[EventRounds "10"]
[EventCountry "GGB"]
[SourceTitle "BritBase"]
[Source "John Saunders"]
[SourceDate "2021.06.05"]
[SourceVersion "1"]
[SourceVersionDate "2021.06.05"]
[SourceQuality "1"]
[TimeControl "40/100:0"]

1. e4 c5 2. Nf3 Nc6 3. d4 cxd4 4. Nxd4 Nf6 5. Nc3 d6 6. g3 e5 7. Nde2 Be7 8. Bg2 O-O 9. O-O a5 10. h3 h5 11. f4 Qb6+ 12. Kh1 Re8 13. f5 Bd7 14. Nd5 Nxd5 15. exd5
Nd4 16. Nxd4 Qxd4 17. Qe2 e4 18. Qxe4 Qxe4 19. Bxe4 Bh4 20. Bf3 Bxg3 21. Bxh5
Bb5 22. Rg1 Bf2 23. Rd1 Rac8 24. c3 Be2 25. Bxe2 Rxe2 26. Bf4 Bc5 27. Rd2 Rce8 28. Rad1 R2e4 29. Bg3 Re2 30. Bf4 R2e4 31. Bg3 f6 32. Kg2 Kf7 33. Bf2 Bxf2
34. Rxf2 Rf8 35. Rd3 b5 36. b3 Rc8 37. Kf1 Re5 38. Rf4 Rce8 39. c4 Re1+ 40. Kg2 1/2-1/2

[Event "Gibraltar Masters 18th"]
[Site "Gibraltar"]
[Date "2020.01.23"]
[Round "3.34"]
[White "Aryan, Chopra"]
[Black "Astaneh Lopez, Alex"]
[Result "1-0"]
[ECO "C65"]
[WhiteElo "2562"]
[BlackElo "2432"]
[PlyCount "121"]
[EventDate "2020.01.21"]
[EventType "swiss"]
[EventRounds "10"]
[EventCountry "GGB"]
[SourceTitle "BritBase"]
[Source "John Saunders"]
[SourceDate "2021.06.05"]
[SourceVersion "1"]
[SourceVersionDate "2021.06.05"]
[SourceQuality "1"]
[TimeControl "40/100:0"]
[WhiteClock "1:21:30"]
[BlackClock "0:30:25"]

1. e4 e5 2. Nf3 Nc6 3. Bb5 Nf6 4. d3 Bc5 5. Bxc6 dxc6 6. O-O Nd7 7. c3 O-O 8. d4 Bd6 9. Bg5 f6 10. Bh4 Qe8 11. Re1 Nb6 12. Bg3 Bg4 13.
Nbd2 Kh8 14. h3 Bh5 15. Qc2 Rd8 16. Nh4 exd4 17. Bxd6 Rxd6 18. Nf5 Rd8 19. cxd4 Bg6 20. Nb3 Qf7 21. Nc5 Rb8 22. Qb3 Qxb3 23. axb3 a6 24. g4
Bf7 25. e5 fxe5 26. dxe5 g6 27. Ng3 Bd5 28. Nge4 Rf3 29. Ng5 Rf4 30. Nce6 Bxe6
31. Nxe6 Rf7 32. Nc5 Nd5 33. Ra4 g5 34. h4 h6 35. hxg5 hxg5 36. e6 Re7 37. Re5
Nf4 38. Rd4 Rbe8 39. Rd7 b6 40. Ne4 Ng6 41. Rxg5 Rxe6 42. f3 Ne5 43. Rh5+ Kg8
44. Rxe5 Rxe5 45. Nf6+ Kf8 46. Nxe8 Kxe8 47. Rxc7 Rb5 48. Kf2 Rxb3 49. g5 a5
50. g6 Kf8 51. f4 a4 52. f5 Rxb2+ 53. Kg3 Rb1 54. Kg4 Rg1+ 55. Kh5 Rf1 56. Kg5
a3 57. f6 Rg1+ 58. Kf5 Rf1+ 59. Ke5 Re1+ 60. Kd4 a2 61. g7+ 1-0

[Event "Gibraltar Masters 18th"]
[Site "Gibraltar"]
[Date "2020.01.23"]
[Round "3.35"]
[White "Chen, Qi B"]
[Black "Li, Di"]
[Result "1/2-1/2"]
[ECO "C54"]
[WhiteElo "2432"]
[BlackElo "2562"]
[PlyCount "29"]
[EventDate "2020.01.21"]
[EventType "swiss"]
[EventRounds "10"]
[EventCountry "GGB"]
[SourceTitle "BritBase"]
[Source "John Saunders"]
[SourceDate "2021.06.05"]
[SourceVersion "1"]
[SourceVersionDate "2021.06.05"]
[SourceQuality "1"]
[TimeControl "40/100:0"]
[WhiteClock "1:44:14"]
[BlackClock "1:38:29"]

1. e4 e5 2. Nf3 Nc6 3. Bc4 Bc5 4. c3 Nf6 5. d4 exd4 6. cxd4 Bb4+ 7. Bd2 Bxd2+ 8. Nbxd2 d5 9. exd5 Nxd5 10. Qb3 Na5 11. Qa4+ Nc6 12. Qb3 Na5 13. Qa4+ Nc6 14. Qb3 Na5 15. Qa4+ 1/2-1/2

[Event "Gibraltar Masters 18th"]
[Site "Gibraltar"]
[Date "2020.01.23"]
[Round "3.36"]
[White "Lalith, Babu M R"]
[Black "Krishna, C R G."]
[Result "1-0"]
[ECO "D15"]
[WhiteElo "2558"]
[BlackElo "2436"]
[PlyCount "95"]
[EventDate "2020.01.21"]
[EventType "swiss"]
[EventRounds "10"]
[EventCountry "GGB"]
[SourceTitle "BritBase"]
[Source "John Saunders"]
[SourceDate "2021.06.05"]
[SourceVersion "1"]
[SourceVersionDate "2021.06.05"]
[SourceQuality "1"]
[TimeControl "40/100:0"]
[WhiteClock "1:01:40"]
[BlackClock "0:02:30"]

1. Nf3 d5 2. d4 Nf6 3. c4 c6 4. Nc3 a6 5. e3 Bf5 6. Nh4 Bg4 7. Qc2 e6 8. h3 Bh5 9. g4 Bg6 10. Nxg6 hxg6 11. g5 Ng8 12. Bd2 Ne7 13. Qb3 Ra7 14. Qa4 Nf5
15. cxd5 exd5 16. Bd3 Be7 17. Qc2 Qd7 18. Na4 Bxg5 19. O-O-O b5 20. Nc5 Qc8 21.
Kb1 Bf6 22. Rde1 Kf8 23. Nb3 Kg8 24. e4 dxe4 25. Rxe4 Re7 26. d5 Rxe4 27. Bxe4 Nd6 28. Bg2 Nc4 29. Bc1 cxd5 30. Bxd5 Rh5 31. Rd1 Nc6 32. Bxc4 bxc4 33. Qxc4 Rxh3 34. Ka1 Rh4 35. f4 Qb7 36. Qe4 Qb5 37. Rd5 Qb7 38. Rd6 Na5 39. Qxb7 Nxb7 40. Rxa6 Nd8 41. a4 Ne6 42. a5 Nxf4 43. Rd6 Ne6 44. Kb1 Ra4 45. Bd2 g5 46. a6 g4 47. Ba5 g3 48. Rxe6 1-0

[Event "Gibraltar Masters 18th"]
[Site "Gibraltar"]
[Date "2020.01.23"]
[Round "3.37"]
[White "Low, Zhen Yu Cyrus"]
[Black "Maze, Sebastien"]
[Result "0-1"]
[ECO "C54"]
[WhiteElo "2415"]
[BlackElo "2550"]
[PlyCount "180"]
[EventDate "2020.01.21"]
[EventType "swiss"]
[EventRounds "10"]
[EventCountry "GGB"]
[SourceTitle "BritBase"]
[Source "John Saunders"]
[SourceDate "2021.06.05"]
[SourceVersion "1"]
[SourceVersionDate "2021.06.05"]
[SourceQuality "1"]
[TimeControl "40/100:0"]
[WhiteClock "0:16:37"]
[BlackClock "0:04:11"]

1. e4 e5 2. Nf3 Nc6 3. Bc4 Bc5 4. c3 Nf6 5. d4 exd4 6. e5 d5 7. Bb5 Ne4 8. cxd4 Bb6 9. Nc3 O-O 10. Be3 Ba5 11. Qb3 Bg4 12. h3 Bh5 13.
O-O Bxf3 14. gxf3 Ng5 15. Kg2 Ne6 16. Ne2 Ne7 17. Bd3 Bb6 18.
Qc2 Ng6 19. Kh2 Nh4 20. f4 f5 21. f3 Qe8 22.
Ng1 Qh5 23. Qf2 c6 24. b4 Kh8 25. Ne2 a6 26. a4 Rg8 27. Ng3 Rgf8 28. Ne2 Rg8 29. Ng3 Qf7 30. Ne2 Bd8 31. b5 axb5 32. axb5 Rxa1 33. Rxa1 Qh5 34. Ng3 Nxf3+ 35. Kg2 Nh4+ 36. Kf1 Qf7 37. bxc6 bxc6 38. Rc1 g5 39. Rxc6 gxf4 40. Bxf4 Nxf4 41. Qxf4 Bg5 42. e6 Qg7 43. Qf2 Be7 44. Nh5 Qg5 45. Nf4 Ng6 46. Nxg6+ hxg6 47. Rc2 Ra8 48. Ra2 Rxa2 49. Qxa2 Qe3 50. Qe2 Qxh3+ 51. Ke1 Qg3+ 52. Kd2 Bg5+ 53. Kc3 Qc7+ 54. Kb3 Qb6+ 55. Bb5 Kg8 56. Kc3 Kf8 57. Bd7 Qc7+ 58. Kb3 Qb6+ 59. Kc3 Bf6 60. Qe3 Ke7 61. Kd3 Qa6+ 62. Kd2 Qa2+ 63. Kd1 Qb1+ 64. Ke2 Qc2+ 65. Kf3 Qb2 66. Kg3 Qa1 67. Kg2 Qa2+ 68. Kg3 Qb2 69. Kf3 Qb4 70. Kg2 Kd8 71. Qc1 Ke7 72. Qe3 Qb2+ 73. Kf3 Bh4 74. Qg1 Qc2 75. Qe3 Qe4+ 76. Qxe4 dxe4+ 77. Kf4 Kf6 78. Ke3 Bg5+ 79. Ke2 Bc1 80. Bc8 Ba3 81. Ke3 g5 82. Bd7 g4 83. Kf4 Bc1+ 84. Kg3 Ba3 85.
Kf4 Bd6+ 86. Ke3 g3 87. Bc8 f4+ 88. Ke2 f3+ 89. Kf1 g2+ 90.
Kg1 Bf4 0-1

[Event "Gibraltar Masters 18th"]
[Site "Gibraltar"]
[Date "2020.01.23"]
[Round "3.38"]
[White "Haug, Johannes"]
[Black "Ali Marandi, Cemil Can"]
[Result "0-1"]
[ECO "D46"]
[WhiteElo "2407"]
[BlackElo "2546"]
[PlyCount "82"]
[EventDate "2020.01.21"]
[EventType "swiss"]
[EventRounds "10"]
[EventCountry "GGB"]
[SourceTitle "BritBase"]
[Source "John Saunders"]
[SourceDate "2021.06.05"]
[SourceVersion "1"]
[SourceVersionDate "2021.06.05"]
[SourceQuality "1"]
[TimeControl "40/100:0"]
[WhiteClock "0:02:24"]
[BlackClock "0:27:57"]

1. d4 Nf6 2. c4 e6 3. Nf3 d5 4. Nc3 c6 5. e3 Nbd7 6. Qc2 Bd6 7. Bd3 O-O 8.
O-O Re8 9. b3 Qe7 10. Bb2 e5 11. dxe5 Nxe5 12. Nxe5 Qxe5 13. g3 dxc4 14. bxc4 Qh5 15. Ne4 Ng4 16. h4 Be5 17. Bd4 c5 18. Nxc5 b6 19. Be4
Bxd4 20. exd4 bxc5 21. Bxa8 Bf5 22. Qd2 Rxa8 23. Rfe1 Nf6 24. dxc5 Bd7 25. Qd6
Rc8 26. Rab1 h6 27. Rb8 Rxb8 28. Qxb8+ Kh7 29. Qd6 Qf5 30. c6 Bc8 31. Re2 Qb1+ 32. Kg2 Bh3+ 33. Kh2 Qf1 34. Qd3+ g6 35. f3 Bg2 36. g4 Bxf3 37. Rd2 Qh1+ 38. Kg3 Ne4+ 39. Kf4 Nxd2 40. Qd7 Qh2+ 41. Ke3 Qe2+ 0-1